 Dungeon Crawl Stone Soup version 0.29-a0-563-g64e4043184 (webtiles) character file.

Game seed: 3550884615810545458

32 dolemite99 the Cudgeller (level 3, -1/46 HPs)
             Began as a Meteoran Fighter on June 12, 2022.
             Frozen to death by an endoplasm (5 damage)
             ... on level 2 of the Dungeon.
             The game lasted 00:01:29 (605 turns).

dolemite99 the Cudgeller (Meteoran Fighter)          Turns: 605, Time: 00:01:29

Health: -1/46      AC: 21    Str: 19    XL:     3   Next: 64%
Magic:  4/4        EV:  2    Int: 10    God:
Gold:   31         SH:  5    Dex: 13    Spells: 2/2 levels left

rFire   . . .      SeeInvis .   a - +0 flail
rCold   . . .      Faith    .   c - +0 buckler
rNeg    . . .      Spirit   .   (body armour currently unavailable)
rPois   +          Reflect  .   (helmet currently unavailable)
rElec   .          Harm     .   (cloak currently unavailable)
rCorr   .          Rampage  .   (gloves currently unavailable)
Will    .....      NoTele   +   (boots currently unavailable)
Stlth   +.........              (no amulet)
HPRegen 0.15/turn               (no ring)
MPRegen 0.09/turn               (no ring)

@: mighty, tree-form, glowing
A: stationary, stasis, torment immunity, boosted hp, sense surroundings 1,
otherworldly, glowing, explore regen
a: no special abilities


You were on level 2 of the Dungeon.
You were a tree.
You visited 1 branch of the dungeon, and saw 2 of its levels.

You collected 31 gold pieces.

Inventory:

Hand Weapons
 a - a +0 flail (weapon)
 g - a +4 vorpal hand axe
Missiles
 e - 2 curare-tipped darts
 f - 80 stones (quivered)
Armour
 b - a +0 scale mail (melded)
 c - a +0 buckler (worn)
Jewellery
 i - a ring of see invisible
Scrolls
 j - a scroll of identify {unknown}
 k - a scroll of amnesia {unknown}
 l - a scroll of immolation {unknown}
Potions
 d - a potion of might


   Skills:
 - Level 3.2 Fighting
 + Level 4.8 Maces & Flails
 - Level 3.6 Armour
 - Level 3.6 Shields


You had 2 spell levels left.
You didn't know any spells.
Your spell library contained the following spells:

 Spells                   Type           Power      Damage    Failure   Level
 Foxfire                  Conj/Fire      0%         2x1d4     45%         1
 Conjure Flame            Conj/Fire      0%         6-21      83%         3
 Inner Flame              Hex/Fire       0%         N/A       83%         3
 Flame Wave               Conj/Fire      0%         2d4       99%         4


Dungeon Overview and Level Annotations

Branches:
Dungeon (2/15)

Altars:


Innate Abilities, Weirdness & Mutations

You are a tree.
Your roots penetrate the ground, keeping you stationary.
You cannot be teleported.
You are immune to unholy pain and torment.
Your maximum health is greatly increased.
Your equipment is partially melded.
You passively map a small area around you.
You are easily found by Zot.
You glow in the dark.
You regain HP and MP as you explore.


Message History

You hit the adder but do no damage. The adder bites you but does no damage.
The endoplasm completely misses you. The adder bites you but does no damage.
You hit the adder.
The adder is lightly wounded.
The endoplasm freezes you.
You are frozen.
The adder bites you.
You thump the adder!
The adder is severely wounded.
The adder barely misses you. The endoplasm freezes you.
You are frozen.
The adder closely misses you.
You closely miss the adder.
The adder is severely wounded.
The endoplasm hits you but does no damage.
You block the adder's attack. The endoplasm freezes you.
You are frozen.
You closely miss the adder.
The adder is severely wounded.
You block the adder's attack. The endoplasm freezes you.
You are frozen.
* * * LOW HITPOINT WARNING * * *
The adder bites you.
* * * LOW HITPOINT WARNING * * *
You miss the adder.
The adder is severely wounded.
The adder closely misses you. The endoplasm freezes you.
You are frozen.
* * * LOW HITPOINT WARNING * * *
It was a potion of lignification.
You turn into a tree.
Your +0 scale mail melds into your body.
Your roots penetrate the ground.
You block the adder's attack.
The endoplasm hits you but does no damage.
You block the adder's attack.
You feel very mighty all of a sudden. The endoplasm freezes you.
You are frozen.
You die...

. ###.# ,#., #.. , ,#.
######### ### *
#..#.......#
.###..#.#####.# ,
............#.####
,*#######.##.......####
,,
#.......##..........# ,
#...J♣..##.#..##.##.##
,
*#...S.........##......
#...(......#..##......
,
#.......####..###.....
#...!...# ...# ###.#.
#.......# #.#.. ,...#.
######### #.### #####.
* #. , * #.


You could see an adder and an endoplasm.

Vanquished Creatures
  An adder (D:2)
  A worm (D:2)
  2 ball pythons (D:1)
  3 endoplasms (D:2)
  2 goblins
  4 hobgoblins (D:2)
  2 frilled lizards
  2 kobolds (D:1)
  2 rats (D:2)
19 creatures vanquished.

Notes
Turn   | Place    | Note
-------+----------+-------------------------------------------
     0 | D:1      | dolemite99 the Meteoran Fighter began the quest for the
                  | Orb.
     0 | D:1      | Reached XP level 1. HP: 19/19 MP: 2/2
    68 | D:1      | Reached skill level 3 in Maces & Flails
   155 | D:1      | Reached XP level 2. HP: 26/26 MP: 3/3
   254 | D:2      | Reached skill level 4 in Maces & Flails
   315 | D:2      | Reached XP level 3. HP: 31/31 MP: 4/4
   605 | D:2      | Frozen to death by an endoplasm

Illustrated notes

Levels and vault maps discovered:
D:1:      nzn_arrival_settlement, layout_loops_ring, minmay_pentomino_z4
D:2:      layout_loops_cross, minmay_close_crescents

Skill      XL: |  1  2 |
---------------+-------+-----
Maces & Flails | 3 4 |  4.8
Fighting       | |  3.2
Armour         | |  3.6
Shields        | |  3.6

Action                   || total
-------------------------++-------
Melee: Flail             ||    69
Throw: Dart              ||     2
       Stone             ||     1
  Use: Scroll            ||     1
       Potion            ||     2
Armor: Scale mail        ||    29
       Skin              ||     1
Dodge: Dodged            ||    38
Block: Buckler           ||    19

Table legend: (Time is in decaauts)
 A = Elapsed time spent in this place.
 B = Non-inter-level travel time spent in this place.
 C = Inter-level travel time spent in this place.
 D = Time resting spent in this place.
 E = Time spent auto-exploring this place.
 F = Levels seen in this place.
 G = Mean time per level.
                   A        B        C        D        E       F      G
               +--------+--------+--------+--------+--------+-----+--------+
         Total |    620 |    613 |      7 |      0 |    292 |   2 |  310.0 |
       Dungeon |    620 |    613 |      7 |      0 |    292 |   2 |  310.0 |
               +--------+--------+--------+--------+--------+-----+--------+

Top non-repeatable levels by time:
     D:2: 413 daAuts
     D:1: 207 daAuts
